 Dungeon Crawl Stone Soup version 0.21-a0-39-g28ea6b7 (webtiles) character file.

107 KristoblXynda the Conjurer (level 4, -3/33 HPs)
             Began as a Draconian Conjurer on June 1, 2017.
             Slain by a sixfirhy (10 damage)
             ... on level 2 of the Abyss.
             The game lasted 00:08:49 (2922 turns).

KristoblXynda the Conjurer (Draconian Conjurer)     Turns: 2922, Time: 00:08:51

Health: -3/33      AC:  5    Str: 10    XL:     4   Next: 57%
Magic:  6/8        EV: 12    Int: 16    God:
Gold:   187        SH:  0    Dex: 12    Spells: 4/8 levels left

rFire    . . .     SeeInvis .   r - +0 dagger (venom)
rCold    . . .     Gourm    .   (no shield)
rNeg     . . .     Faith    .   (armour unavailable)
rPois    .         Spirit   .   (helmet restricted)
rElec    .         Reflect  .   (no cloak)
rCorr    .         Harm     .   (no gloves)
MR       .....     Clarity  +   (no boots)
Stlth    ++........             (no amulet)
Regen    0.2/turn               (no ring)
MPRegen  0.2/turn               (no ring)

@: about to teleport
A: unfitting armour, hooves 1, clarity, no potion heal 1, cold-blooded, AC +5
a: no special abilities


You were on level 2 of the Abyss.
You were not hungry.

You visited 1 branch of the dungeon, and saw 3 of its levels.
You visited the Abyss 1 time.

You collected 187 gold pieces.

Inventory:

Hand Weapons
 p - a +0 short sword of distortion
 r - a +0 dagger of venom (weapon)
Scrolls
 d - a scroll of remove curse {unknown}
 j - a scroll of amnesia {unknown}
 k - 2 scrolls of teleportation
 m - a scroll of recharging {unknown}
 n - a scroll of enchant armour {unknown}
 o - a scroll of blinking {unknown}
 q - a scroll of immolation {unknown}
Potions
 e - 2 potions of lignification {unknown}
 g - a potion of might
 h - 2 potions of heal wounds
 i - 2 potions of mutation
 l - a potion of curing
 s - a potion of degeneration {unknown}
Books
 a - a book of Conjurations

   Spells                             Type                      Level
   a - Magic Dart                     Conjuration                  1
   b - Searing Ray                    Conjuration                  2
   c - Dazzling Spray                 Conjuration/Hexes            3
   d - Fulminant Prism                Conjuration/Hexes            4
   e - Force Lance                    Conjuration/Translocation    4
   f - Iskenderun's Mystic Blast      Conjuration                  4
 f - a book of Maledictions

   Spells                             Type                      Level
   a - Corona                         Hexes                        1
   b - Ensorcelled Hibernation        Hexes/Ice                    2
   c - Confuse                        Hexes                        3
   d - Tukima's Dance                 Hexes                        3
   e - Dazzling Spray                 Conjuration/Hexes            3
Comestibles
 b - a bread ration
 c - 2 meat rations


   Skills:
 + Level 2.1 Short Blades
 - Level 1.7 Dodging
 - Level 1.7 Stealth
 - Level 1.3 Unarmed Combat
 + Level 2.9 Spellcasting
 + Level 4.6 Conjurations


You had 4 spell levels left.
You knew the following spells:

 Your Spells              Type           Power        Failure   Level  Hunger
a - Magic Dart            Conj           ###.         2%          1    #......
b - Dazzling Spray        Conj/Hex       #.....       22%         3    ###....


Dungeon Overview and Level Annotations

Branches:
Dungeon (3/15)

Altars:
Gozag
Okawaru
Zin


Innate Abilities, Weirdness & Mutations

Your plain brown scales are hard. (AC +5)
You cannot fit into any form of body armour.
You are cold-blooded and may be slowed by cold attacks.
You have large cloven feet.
You possess an exceptional clarity of mind.
Potions are less effective at restoring your health.


Message History

Casting: Magic Dart
Confirm with . or Enter, or press ? or * to list all spells.
Aiming: Magic Dart
Press: ? - help, Shift-Dir - straight line, f - sixfirhy
Aim: a sixfirhy The magic dart hits the sixfirhy.
The sixfirhy is lightly wounded.
Casting: Magic Dart
Confirm with . or Enter, or press ? or * to list all spells.
Aiming: Magic Dart
Press: ? - help, Shift-Dir - straight line, f/p - sixfirhy
Aim: a sixfirhy (lightly wounded)
The magic dart hits the sixfirhy.
The sixfirhy is lightly wounded.
The sixfirhy hits you. The sixfirhy shocks you!
The sixfirhy hits you but does no damage.
The sixfirhy hits you!
* * * LOW HITPOINT WARNING * * *
The sixfirhy shocks you!
You die...

#.#.. .#.... #.. ..#
.# ≈≈ # ...# .## ♣
≈.####..##### #.. ..
.3.##### #...#.
.##..#.# ##
###.§.#####
...##...#..## .
#..##3@.#
#.#.....#.....# .
#..#.........## . #.
## #...###....# ...
#...##......#...
..##....#.#.#..#.#..
# .##.......##.. # .
#(. ..#..#.#..# ..#
. . . #. ......


You could see a sixfirhy.

Vanquished Creatures
  An orc wizard (D:3)
  2 adders (D:2)
  A worm (D:2)
  A dart slug (D:2)
  2 leopard geckos
  4 orcs (D:3)
  A giant cockroach (D:2)
  5 hobgoblins
  4 kobolds
  2 quokkas
  4 bats
  5 frilled lizards
  9 goblins
  10 rats
51 creatures vanquished.

Vanquished Creatures (others)
  5 starspawn tentacles (Abyss:2)
5 creatures vanquished.

Grand Total: 56 creatures vanquished

Notes
Turn   | Place    | Note
-------+----------+-------------------------------------------
     0 | D:1      | KristoblXynda the Draconian Conjurer began the quest for the Orb.
     0 | D:1      | Reached XP level 1. HP: 14/14 MP: 3/3
   339 | D:1      | Reached skill level 1 in Unarmed Combat
   849 | D:1      | Reached XP level 2. HP: 20/20 MP: 5/5
   952 | D:1      | Found a glowing silver altar of Zin.
  1573 | D:2      | Reached skill level 1 in Short Blades
  1705 | D:2      | Found an opulent altar of Gozag.
  1710 | D:2      | Reached XP level 3. HP: 23/26 MP: 6/6
  2265 | D:2      | Found an iron altar of Okawaru.
  2292 | D:2      | Learned a level 3 spell: Dazzling Spray
  2700 | D:3      | Gained mutation: You possess an exceptional clarity of mind. [potion of mutation]
  2700 | D:3      | Gained mutation: Potions are less effective at restoring your health. [potion of mutation]
  2700 | D:3      | Gained mutation: You have large cloven feet. [potion of mutation]
  2707 | D:3      | Reached XP level 4. HP: 33/33 MP: 4/8
  2787 | D:3      | Cast into level 1 of the Abyss (a distortion unwield)
  2819 | Abyss:2  | Noticed a large abomination
  2835 | Abyss:2  | Noticed a flying skull
  2842 | Abyss:2  | Noticed a flying skull
  2843 | Abyss:2  | Noticed a tentacled starspawn
  2846 | Abyss:2  | Noticed a flying skull
  2896 | Abyss:2  | Noticed an ice beast
  2910 | Abyss:2  | Noticed a large abomination
  2912 | Abyss:2  | Noticed a sixfirhy
  2922 | Abyss:2  | Slain by a sixfirhy

Vault maps used:
D:1:      minmay_arrival_hallway, serial_aquarium, aquarium_bridge_island_small,
          aquarium_window_1, aquarium_window_fake, aquarium_window_3,
          aquarium_view_2c, serial_bayou_pond_e, serial_park_tiny_1,
          serial_bayou_pond_c, minmay_hexomino_r4
D:2:      okawaru_metal_pillars_1_2, lemuel_doored_altar
D:3:      xom_butterflies, minmay_misc_feat_five, nicolae_tso_swordbearing_angel
Abyss:1:  abyss_furniture_001, minivault_25, hangedman_abyss_monster_moat

Skill      XL: |  1  2  3  4 |
---------------+-------------+-----
Unarmed Combat | 1 |  1.3
Short Blades   | 1 2 |  2.1
Dodging        | |  1.7
Stealth        | |  1.7
Spellcasting   | |  2.9
Conjurations   | |  4.6

Action                   |  1- 3 |  4- 6 || total
-------------------------+-------+-------++-------
Melee: Unarmed           |    14 |       ||    14
       Dagger            |    34 |       ||    34
       Tailslap          |     6 |     1 ||     7
       Short sword       |       |    15 ||    15
       Kick              |       |     3 ||     3
 Cast: Magic Dart        |    76 |    14 ||    90
  Use: Scroll            |     3 |     3 ||     6
       Potion            |     1 |     1 ||     2
 Stab: Sleeping          |     3 |       ||     3
  Eat: Chunk             |     5 |       ||     5
       Royal jelly       |     1 |       ||     1
Armor: Skin              |    17 |     9 ||    26
Dodge: Dodged            |    30 |    10 ||    40
